 Dungeon Crawl Stone Soup version 0.21-a0-186-g02e8684 (webtiles) character file.

8082 4thArraOfDagon the Cleaver (level 10, -5/81 HPs)
             Began as a Demigod Fighter on Aug 13, 2017.
             Shot with an arrow by a centaur warrior (19 damage)
             ... on level 13 of the Dungeon.
             The game lasted 00:22:22 (7537 turns).

4thArraOfDagon the Cleaver (Demigod Fighter)        Turns: 7537, Time: 00:22:23

Health: -5/81      AC: 16    Str: 17    XL:     10   Next: 76%
Magic:  13/13      EV:  8    Int: 18    God:
Gold:   437        SH:  0    Dex: 18    Spells: 9/9 levels left

rFire    . . .     SeeInvis .   V - +0 battleaxe
rCold    . . .     Gourm    +   (shield currently unavailable)
rNeg     + . .     Faith    .   h - +0 plate armour
rPois    .         Spirit   .   e - +1 helmet
rElec    .         Reflect  .   (no cloak)
rCorr    .         Harm     .   m - +0 pair of gloves
MR       +....                  v - +0 pair of boots
Stlth    ..........             o - amulet of the gourmand
HPRegen  0.23/turn              y - ring of positive energy
MPRegen  0.13/turn              x - +3 ring of dexterity

@: very slightly contaminated, invisible
A: blurry vision 1, high mp 1, weak 1, sturdy frame 1
a: no special abilities


You were on level 13 of the Dungeon.
You were very full.

You visited 1 branch of the dungeon, and saw 13 of its levels.
You also visited: Labyrinth.

You collected 437 gold pieces.

Inventory:

Hand Weapons
 a - a +0 flail
 i - a +1 hand axe of freezing
 M - a cursed +0 war axe
 V - a +0 battleaxe (weapon)
Armour
 b - a +0 scale mail
 c - a +0 shield
 e - a +1 helmet (worn)
 h - a +0 plate armour (worn)
 m - a +0 pair of gloves (worn)
 v - a +0 pair of boots (worn)
 J - a +1 hat
 S - a +0 robe of magic resistance
Magical Staves
 z - an uncursed staff of conjuration {unknown}
 G - an uncursed staff of earth {unknown}
Jewellery
 n - an uncursed ring of protection from cold
 o - an amulet of the gourmand (around neck)
 x - a +3 ring of dexterity (right hand)
 y - a ring of positive energy (left hand)
 H - an uncursed ring of magical power
 N - a -2 ring of intelligence
Wands
 l - a wand of digging (12/24)
 E - a wand of confusion (18/48)
 I - a wand of random effects (15/48)
 K - a wand of lightning (0/15)
 P - a wand of confusion (20/48)
 R - a wand of clouds (0/9)
Scrolls
 j - 7 scrolls of remove curse
 q - a scroll of recharging {unknown}
 r - a scroll of blinking {unknown}
 t - a scroll of amnesia {unknown}
 u - 3 scrolls of fog
 w - 4 scrolls of teleportation
 A - 5 scrolls of enchant armour {unknown}
 B - a scroll of noise {unknown}
 D - 2 scrolls of enchant weapon {unknown}
 O - a scroll of vulnerability {unknown}
 U - a scroll of immolation {unknown}
Potions
 d - 2 potions of might
 g - 3 potions of curing
 k - 2 potions of degeneration
 p - 2 potions of haste
 s - 2 potions of invisibility
 C - 2 potions of lignification
 F - 3 potions of brilliance
 L - a potion of agility {unknown}
 Q - a potion of flight
Miscellaneous
 T - a phantom mirror
Comestibles
 f - 4 bread rations
 W - a royal jelly


   Skills:
 - Level 5.0 Fighting
 * Level 13.7(13.8) Axes
 - Level 2.0(9.4) Maces & Flails
 + Level 4.2 Armour
 + Level 3.0 Dodging
 - Level 2.6 Shields


You had 9 spell levels left.
You didn't know any spells.

Dungeon Overview and Level Annotations

Branches:
Dungeon (13/15)            Temple (0/1) D:6            Lair (0/6) D:11
    Orc (0/2) D:12
 Vaults: D:13-14

Shops:
D:7 %   D:11 =*[

Annotations:
D:6 Prince Ribbit


Innate Abilities, Weirdness & Mutations

You have an increased reservoir of magic. (+10% MP)
Scrolls take you a little longer to read.
You are weak. (Str -2)
Your movements are slightly less encumbered by armour. (ER -2)


Message History

Unknown command.
You closely miss the centaur warrior. x2; The centaur warrior hits you!
* * * LOW HITPOINT WARNING * * *
The centaur warrior hits you but does no damage.
Unknown command.
Unknown command.
The centaur warrior completely misses you.
The centaur warrior wields a shortbow.
The centaur warrior shoots an arrow.
The centaur warrior hits you.
* * * LOW HITPOINT WARNING * * *
Unknown command.
Unknown command.
The centaur warrior shoots an arrow.
Unknown command.
Unknown command.
Unknown command.
Unknown command.
The centaur warrior wields an uncursed longbow.
The centaur warrior shoots an arrow.
The arrow hits you!!
You die...

#.. #.. #.# #.#
##.# #### ..# .
##... #.# ...
#!... #@######...
#....
#...........
#....
#...........
#...##...........
#cc...........
#...##...........
#....
#(..........
#....
##a<..(.....
#....
##..........


You could see a centaur warrior and a worker ant (wandering).

Vanquished Creatures
  A minotaur (Lab)
  Erica (D:11)
  An ugly thing (D:11)
  Pikel (D:4)
  A kobold demonologist (D:13)
  A troll (D:11)
  A hippogriff (D:8)
  4 yaks (D:11)
  4 hungry ghosts (Lab)
  An acid dragon (D:13)
  A water moccasin (D:8)
  A black bear (D:7)
  A sky beast (D:7)
  A phantom (D:6)
  4 orc warriors
  8 centaurs
  4 ogres
  2 crocodiles (D:11)
  2 big kobolds (D:11)
  6 bullfrogs
  3 scorpions
  3 wights (D:11)
  3 bullfrog zombies
  4 crimson imps
  2 jellies
  A quasit (D:10)
  4 orc priests
  3 hounds
  2 centaur skeletons
  A gnoll shaman (D:7)
  3 orc wizards
  4 iguanas
  A worker ant (D:12)
  A hound zombie (D:7)
  2 worker ant zombies
  15 adders
  4 gnolls
  A howler monkey skeleton (D:4)
  A shadow imp (D:5)
  2 oozes
  An adder skeleton (D:6)
  2 worms
  2 dart slugs (D:1)
  A leopard gecko (D:2)
  24 orcs
  7 ball pythons
  6 giant cockroaches
  11 goblins
  10 hobgoblins
  13 jackals
  3 quokkas
  10 bats
  6 frilled lizards
  A jackal zombie (D:6)
  20 kobolds
  2 leopard gecko skeletons (D:5)
  8 rats
233 creatures vanquished.

Vanquished Creatures (others)
  A worker ant (D:4)
1 creature vanquished.

Grand Total: 234 creatures vanquished

Notes
Turn   | Place    | Note
-------+----------+-------------------------------------------
     0 | D:1      | 4thArraOfDagon the Demigod Fighter began the quest for the Orb.
     0 | D:1      | Reached XP level 1. HP: 18/18 MP: 3/3
   242 | D:1      | Reached XP level 2. HP: 23/25 MP: 4/4
   296 | D:1      | Reached skill level 1 in Axes
   558 | D:1      | Reached XP level 3. HP: 25/31 MP: 5/5
   803 | D:2      | Reached skill level 2 in Axes
  1236 | D:2      | Reached XP level 4. HP: 38/38 MP: 6/6
  1368 | D:3      | Noticed a phantom
  1456 | D:3      | Reached skill level 3 in Axes
  1745 | D:3      | Reached XP level 5. HP: 44/45 MP: 7/7
  2154 | D:4      | Noticed Pikel
  2154 | D:4      | Noticed a slave
  2154 | D:4      | Noticed a slave
  2155 | D:4      | Noticed a slave
  2165 | D:4      | Noticed a slave
  2165 | D:4      | Killed Pikel
  2165 | D:4      | Reached skill level 5 in Axes
  2165 | D:4      | Reached XP level 6. HP: 51/53 MP: 8/8
  2169 | D:4      | Reached XP level 7. HP: 57/60 MP: 9/9
  2196 | D:5      | Entered Level 5 of the Dungeon
  2264 | D:5      | Reached skill level 5 in Fighting
  2313 | D:5      | Reached skill level 6 in Axes
  2432 | D:5      | You fall through a shaft for 2 floors!
  2576 | D:7      | Reached skill level 7 in Axes
  2733 | D:7      | Reached XP level 8. HP: 53/68 MP: 10/10
  2805 | D:7      | Reached skill level 8 in Axes
  3124 | D:6      | Reached skill level 9 in Axes
  3163 | D:6      | Found a staircase to the Ecumenical Temple.
  3310 | D:6      | Noticed Prince Ribbit
  3567 | D:4      | You fall through a shaft for 3 floors!
  3585 | D:7      | LAM
  3985 | D:7      | Found Koukka's Food Boutique.
  4038 | D:8      | Reached skill level 10 in Axes
  4159 | D:8      | Noticed a hippogriff
  4171 | D:8      | Killed a hippogriff
  4171 | D:8      | Reached XP level 9. HP: 74/74 MP: 11/11
  4583 | D:8      | Reached skill level 11 in Axes
  4701 | D:8      | Noticed a two-headed ogre
  4789 | D:10     | Entered Level 10 of the Dungeon
  4881 | D:9      | Noticed a cyan ugly thing
  5211 | D:11     | Found Kegaush's Antique Armour Emporium.
  5212 | D:11     | Found a labyrinth entrance.
  5225 | Lab      | Entered a labyrinth
  5444 | Lab      | Noticed a minotaur
  5500 | Lab      | Killed a minotaur
  5500 | Lab      | Reached skill level 12 in Axes
  5536 | Lab      | ctrl q
  5626 | D:11     | Found Siorer's General Store.
  5855 | D:11     | Noticed Erica
  5881 | D:11     | Killed Erica
  5881 | D:11     | Reached XP level 10. HP: 81/81 MP: 13/13
  5924 | D:11     | Reached skill level 13 in Axes
  6240 | D:11     | Reached skill level 1 in Dodging
  6659 | D:11     | Noticed a brown ugly thing
  6857 | D:11     | Found Uskuosog's Jewellery Shop.
  6887 | D:11     | Killed a brown ugly thing
  6971 | D:11     | Gained mutation: Your movements are slightly less encumbered by armour. (ER -2) [mutagenic meat]
  6972 | D:11     | Gained mutation: Scrolls take you a little longer to read. [mutagenic meat]
  6973 | D:11     | Gained mutation: You are weak. (Str -2) [mutagenic meat]
  7294 | D:13     | Noticed a rust devil
  7297 | D:13     | Noticed a soul eater
  7525 | D:13     | Noticed a centaur warrior
  7530 | D:13     | Noticed a centaur warrior
  7537 | D:13     | Shot with an arrow by a centaur warrior

Vault maps used:
D:1:      saegor_arrival_simple_e, serial_forest, infiniplex_forest_lined_ring,
          infiniplex_forest_clump_C, infiniplex_forest_lined_2,
          infiniplex_forest_corner_1, infiniplex_forest_clump_medium,
          infiniplex_forest_fountain, infiniplex_forest_corner_1
D:4:      grunt_ministairs_11, minmay_snake_closets, uniq_pikel
D:5:      first_bread, serial_bayou_pond_b, hangedman_decor_points,
          st_stairs_10, minmay_misc_feat_plants
D:6:      minmay_temple_entry_trees, serial_shops, nicolae_shop_waterfront,
          nrook_mini_vaults, uniq_prince_ribbit1
D:7:      serial_shops, nicolae_shop_window_shopping
D:9:      statuecave_lemuel, lemuel_crystal_altar, grunt_potential
D:10:     serial_shops, shop
D:11:     erik_lair_orcish_takeover, lab_entry_generic, serial_shops, shop,
          shop, shop, uniq_erica
D:12:     erik_orc_2, serial_column_ruins, column_ruins_square_medium,
          column_ruins_hut, column_ruins_open_tiny, column_ruins_open_tiny,
          column_ruins_open_medium, column_ruins_open_tiny,
          column_ruins_open_large, column_ruins_columns_corner
D:13:     kennysheep_room_grid, uniq_frances
Lab:      lab_statue, lab_fountain, labyrinth_skeletal_remains,
          nicolae_lab_flowing_pool, nicolae_lab_very_dead_end,
          nicolae_lab_hexagon, nicolae_lab_starburst

Skill      XL: |  1  2  3  4  5  6  7  8  9 10 |
---------------+-------------------------------+-----
Maces & Flails | 2 |  2.0
Axes           | 1 2 3 5 7 10 12 13 | 13.7
Armour         | 3 4 |  4.2
Fighting       | 3 4 5 |  5.0
Dodging        | 3 |  3.0
Shields        | |  2.6

Action                   |  1- 3 |  4- 6 |  7- 9 | 10-12 || total
-------------------------+-------+-------+-------+-------++-------
Melee: Hand axe          |   141 |   133 |   494 |   114 ||   882
       Flail             |    10 |       |       |       ||    10
       Battleaxe         |       |       |       |   123 ||   123
Evoke: Wand              |       |       |    14 |    18 ||    32
  Use: Potion            |       |     1 |     4 |     2 ||     7
       Scroll            |       |       |    16 |     1 ||    17
 Stab: Confused          |       |       |    10 |    12 ||    22
       Invisible         |       |       |     2 |       ||     2
  Eat: Chunk             |       |     4 |    22 |     7 ||    33
       Royal jelly       |       |       |     2 |       ||     2
       Bread ration      |       |       |     3 |       ||     3
Armor: Plate armour      |   123 |   107 |   330 |   154 ||   714
Dodge: Dodged            |    51 |    39 |   109 |    74 ||   273
Block: Shield            |     2 |       |       |       ||     2
